 Dungeon Crawl Stone Soup version 0.27.1-4-g1640c2035a (webtiles) character file.

Game seed: 1551343694753546552

12292 ABBCCCDDDD the Severer (level 11, -5/102 HPs)
             Began as a Hill Orc Delver on Nov 1, 2021.
             Was an Elder of Beogh.
             Slain by a hell hound (8 damage)
             ... in a Gauntlet.
             The game lasted 00:21:56 (14300 turns).

ABBCCCDDDD the Severer (Hill Orc Delver)           Turns: 14300, Time: 00:21:56

Health: -5/102     AC: 23    Str: 19    XL:     11   Next: 91%
Magic:  13/13      EV:  8    Int: 10    God:    Beogh [****..]
Gold:   303        SH:  0    Dex: 12    Spells: 10/10 levels left

rFire    . . .     SeeInvis +   y - +0 war axe (protect)
rCold    . . .     Faith    .   (no shield)
rNeg     . . .     Spirit   .   q - +0 storm dragon scales
rPois    .         Reflect  .   F - +2 hat
rElec    +         Harm     .   m - +0 cloak
rCorr    .         Rampage  .   (no gloves)
Will     .....     NoTele   +   (no boots)
Stlth    ..........             (no amulet)
HPRegen  0.27/turn              b - ring of see invisible
MPRegen  0.13/turn              k - +4 ring of protection

@: studying Armour
A: no striking features
a: Renounce Religion, Smiting, Recall Orcish Followers


You were in a Gauntlet.
You worshipped Beogh.
Beogh was greatly pleased with you.
You visited 1 branch of the dungeon, and saw 12 of its levels.
You also visited: Ossuary and Gauntlet.

You collected 589 gold pieces.
You spent 286 gold pieces at shops.

Inventory:

Hand Weapons
 c - the +3 glaive of the Scavenger {pain, rF+ rN++ Will+ Str-2}
   (You took it off Maggie on level 8 of the Dungeon)

   In the hands of one skilled in necromantic magic, it inflicts extra damage on
   living creatures.
   Str:       It affects your strength (-2).
   rF:        It protects you from fire.
   rN:        It greatly protects you from negative energy.
   Will:      It increases your willpower.
 y - a +0 war axe of protection (weapon)
 C - a +4 hand axe of freezing
 G - a +0 broad axe
 H - a +3 war axe
Missiles
 D - 51 poisoned darts (quivered)
 O - 4 silver javelins
Armour
 m - a +0 cloak (worn)
 q - +0 storm dragon scales (worn)
 F - a +2 hat (worn)
Jewellery
 b - a ring of see invisible (left hand)
 f - a +6 ring of dexterity
 k - a +4 ring of protection (right hand)
 v - a ring of fire
 w - a +6 ring of intelligence
Wands
 g - a wand of digging (12)
 K - a wand of acid (5)
 L - a wand of iceblast (6)
Scrolls
 a - 2 scrolls of enchant armour
 d - 2 scrolls of magic mapping
 e - 2 scrolls of fear
 h - 5 scrolls of silence
 l - a scroll of vulnerability {unknown}
 n - a scroll of torment
 r - 5 scrolls of noise {unknown}
 s - 4 scrolls of teleportation {unknown}
 t - 8 scrolls of enchant weapon {unknown}
 B - 3 scrolls of amnesia {unknown}
 E - 3 scrolls of holy word {unknown}
 N - a scroll of blinking {unknown}
Potions
 i - 6 potions of lignification
 j - 4 potions of attraction
 o - 9 potions of curing
 p - 4 potions of might
 u - 4 potions of flight
 A - 2 potions of resistance
 M - a potion of invisibility {unknown}


   Skills:
 + Level 11.5 Fighting
 + Level 15.9 Axes
 + Level 13.3 Armour
 - Level 1.5 Dodging
 - Level 4.1 Stealth
 + Level 2.7 Invocations
 + Level 2.1 Evocations


You had 10 spell levels left.
You didn't know any spells.
Your spell library contained the following spells:

 Spells                   Type           Power      Damage    Failure   Level
 Apportation              Tloc           0%         N/A       94%         1
 Beastly Appendage        Tmut           0%         N/A       94%         1
 Corona                   Hex            0%         N/A       94%         1
 Magic Dart               Conj           0%         1d3       94%         1
 Call Imp                 Summ           0%         N/A       98%         2
 Ensorcelled Hibernation  Hex/Ice        0%         N/A       98%         2
 Slow                     Hex            0%         N/A       98%         2
 Static Discharge         Conj/Air       0%         N/A       98%         2
 Wereblood                Tmut           0%         N/A       98%         2
 Confusing Touch          Hex            0%         N/A       100%        3
 Mephitic Cloud           Conj/Pois/Air  0%         N/A       100%        3
 Spider Form              Tmut/Pois      0%         N/A       100%        3
 Summon Guardian Golem    Hex/Summ       0%         N/A       100%        3
 Tukima's Dance           Hex            0%         N/A       100%        3
 Vampiric Draining        Necr           0%         2d6       100%        3
 Dispel Undead            Necr           0%         3d6       100%        4
 Sticky Flame             Conj/Fire      0%         2d3       100%        4
 Alistair's Intoxication  Tmut/Pois      0%         N/A       100%        5
 Invisibility             Hex            0%         N/A       100%        6
 Orb of Destruction       Conj           0%         N/A       100%        7
 Spellforged Servitor     Conj/Summ      0%         N/A       100%        7


Dungeon Overview and Level Annotations

Branches:
Dungeon (12/15)            Temple (0/1) D:7            Lair (0/6) D:11
Ossuary (visited)         Gauntlet (1/1)
    Orc: D:9-12

Altars:
Cheibriados
Okawaru
Qazlal
Zin
The Shining One

Shops:
D:8 *(*

Annotations:
D:2 Sigmund
D:4 exclusions: black bear and scorpion
D:6 Eustachio
D:8 1 runed translucent door, diceflayer's ghost, novice MiFi Gauntlet 13 transporters, 15 runed translucent doors


Message History

You feel very buoyant.
You fly up into the air.
The fire bat bites you but does no damage.
The hell hound bites you but does no damage.
It was a potion of resistance.
You feel protected. The hell hound breathes flames at you.
The blast of flame misses you. The hell hound bites you!
* * * LOW HITPOINT WARNING * * *
It was a potion of brilliance.
You feel clever all of a sudden.
The hell hound bites you but does no damage.
The hell hound breathes flames at you. The blast of flame hits you! You resist.
* * * LOW HITPOINT WARNING * * *
The fire crab breathes flames at you.
The blast of flame engulfs you but does no damage.
Okay, then.
Unknown command.
It was a potion of ambrosia.
You are confused.
You feel invigorated.
You are engulfed in blazing flames.
You resist.
* * * LOW HITPOINT WARNING * * *
The hell hound bites you.
* * * LOW HITPOINT WARNING * * *
The hell hound barely misses you.
The fire crab bites you but does no damage.
The fire crab claws you but does no damage.
The hell hound closely misses you.
It was a potion of cancellation.
Your magical effects are unravelling.
You feel magically purged.
You are engulfed in blazing flames.
You resist.
* * * LOW HITPOINT WARNING * * *
You feel less invigorated.
You feel yourself slow down.
You float gracefully downwards.
You feel less confused.
You feel a little less mighty now.
You feel a little less clever now.
Your resistance to elements expires.
The hell hound bites you!
You die...

#Gu[|©.[..#.#..!.©="..#.#..?.©[(.
#####.##.##.#.........#.#.#.....#
##.##.##.##.#..#+++#..#.#.##...##
#........##.#++#...#''#.#..#####.
#.#..##.###.#..+...'..#.#....©...
#©##.##.###.#..+°°°'..#.#D.##.##.
#.....#...#.#++#h#°#++#.#.##...
###.##.##.#.#..+ht°+..#.#.#.....#
###G#.u##.#.#..+@hb+..#.#........
#################################
.....©...........©#≈≈≈≈8≈§≈§#©...
#####.###########################
....#.#≈≈8≈§#©.........©.........
....#.###########################
##..#.##.......##.#p5|.©....#.#t^
8#..#.#.#.....#.#.#.##...##.#.#b#
##..#.#..#...#..#.#.#.###.#.#.#b.


You could see a fire crab, a wizard, 3 hell hounds, a fire bat and a shadow imp.

Levels and vault maps discovered:
D:1:      wander_arrival_peaceful_grave, layout_basic
D:2:      layout_basic, basic_altar, shapermc_ecumenical_altar_flowoftime,
          minmay_misc_feat_iff, st_stairs_3, minmay_stone_trees_medium,
          uniq_sigmund
D:3:      layout_basic
D:4:      layout_basic
D:5:      layout_basic, serial_shops, kennysheep_mini_moat,
          nicolae_shop_firing_range
D:6:      layout_layer_cave, uniq_eustachio
D:7:      layout_basic, nicolae_qazlal_style_of_elements,
          gammafunk_temple_overflow_forgotten, temple_green
D:8:      kennysheep_blocky_room, layout_basic, ebering_ghost_reflecting_pool,
          nicolae_ossuary_entry_ruins, serial_shops, kennysheep_little_box,
          nicolae_specific_store, minmay_hedge_maze, hangedman_decor_points,
          lightli_minifort, uniq_joseph, uniq_maggie, uniq_pikel
D:9:      layout_roguey, kennysheep_generic_room_11
D:10:     layout_layer_cave, uniq_gastronok
D:11:     layout_basic, dpeg_oklobed_lair, chequers_serial_rivers_room_b
D:12:     layout_roguey, erik_orc_3, gauntlet_entry_generic
Gauntlet: gammafunk_gauntlet_one_two_three [gammafunk_gauntlet_arena_corners,
          nicolae_gauntlet_arena_blocks, nicolae_gauntlet_arena_x,
          nicolae_gauntlet_arena_flowing_pool,
          gammafunk_gauntlet_arena_chambers, gammafunk_gauntlet_arena_split_x,
          minmay_gauntlet_arena_make_your_own_arena,
          gammafunk_gauntlet_arena_crates, nicolae_gauntlet_arena_t_cross,
          gauntlet_exit_watery]

Notes
Turn   | Place    | Note
-------+----------+-------------------------------------------
     0 | D:5      | ABBCCCDDDD the Hill Orc Delver began the quest for the Orb.
     0 | D:5      | Reached XP level 1. HP: 19/19 MP: 1/1
    30 | D:4      | Noticed a black bear
    39 | D:4      | Noticed an orc priest
    63 | D:4      | Noticed a scorpion
   270 | D:4      | Reached skill level 3 in Axes
   270 | D:4      | Reached XP level 2. HP: 14/27 MP: 2/2
   477 | D:4      | Became a worshipper of Beogh the Brigand
   629 | D:3      | Noticed an ogre
  1003 | D:1      | Reached skill level 1 in Armour
  1288 | D:1      | Reached XP level 3. HP: 25/33 MP: 3/3
  1494 | D:2      | Noticed Sigmund
  1606 | D:2      | Found a glowing silver altar of Zin.
  1659 | D:2      | Reached skill level 4 in Axes
  2135 | D:3      | Reached XP level 4. HP: 40/40 MP: 4/4
  2160 | D:3      | Reached * piety under Beogh
  2279 | D:2      | Found a faded altar of an unknown god.
  3394 | D:3      | Reached skill level 5 in Axes
  3394 | D:3      | Reached XP level 5. HP: 11/47 MP: 5/5
  4514 | D:5      | Reached XP level 6. HP: 52/55 MP: 6/6
  4519 | D:5      | Reached skill level 5 in Fighting
  4522 | D:5      | Reached skill level 6 in Axes
  5745 | D:6      | Identified a scroll of acquirement
  5747 | D:6      | Acquired a manual of Armour
  5863 | D:6      | Reached skill level 7 in Axes
  5863 | D:6      | Reached XP level 7. HP: 18/61 MP: 7/7
  6351 | D:6      | Noticed Eustachio
  7250 | D:7      | Noticed an air elemental
  7501 | D:7      | Noticed a fire elemental
  7510 | D:7      | Found a stormy altar of Qazlal.
  7518 | D:7      | Noticed a water elemental
  7562 | D:7      | Found an iron altar of Okawaru.
  7565 | D:7      | Found a snail-covered altar of Cheibriados.
  7607 | D:7      | Reached skill level 8 in Axes
  7607 | D:7      | Reached skill level 5 in Armour
  7761 | D:7      | Found a staircase to the Ecumenical Temple.
  7766 | D:7      | Reached ** piety under Beogh
  8080 | D:7      | Found a glowing golden altar of the Shining One.
  8181 | D:7      | Reached XP level 8. HP: 65/71 MP: 8/8
  8221 | D:8      | Noticed Joseph
  8221 | D:8      | Noticed Maggie
  8221 | D:8      | Found Kimeoj Fyogo's General Store.
  8256 | D:7      | Killed Joseph
  8257 | D:7      | Reached skill level 9 in Axes
  8351 | D:8      | Noticed a deep elf pyromancer
  8365 | D:8      | Killed a deep elf pyromancer
  8366 | D:8      | Reached skill level 10 in Axes
  8366 | D:8      | Reached XP level 9. HP: 22/79 MP: 9/9
  8461 | D:8      | Noticed a two-headed ogre
  8465 | D:8      | Killed a two-headed ogre
  8466 | D:8      | Reached skill level 11 in Axes
  8479 | D:8      | Found a sand-covered staircase.
  8480 | D:8      | Found Eriqo's Specific Store.
  8488 | Ossuary  | Entered an ossuary
  8722 | Ossuary  | Reached *** piety under Beogh
  8920 | D:8      | Bought a potion of lignification for 39 gold pieces
  8920 | D:8      | Bought a ring of see invisible for 195 gold pieces
  9047 | D:8      | Found Badohihe's Weapon Shoppe.
  9052 | D:8      | Bought a +0 broad axe for 52 gold pieces
  9286 | D:8      | Noticed Pikel
  9289 | D:8      | Found a runed translucent door.
  9308 | D:8      | Killed Pikel
  9309 | D:8      | Reached skill level 12 in Axes
  9515 | D:8      | Noticed diceflayer's ghost (novice MiFi)
  9564 | D:8      | Noticed a troll
  9569 | D:8      | Killed a troll
  9595 | D:8      | Reached XP level 10. HP: 69/91 MP: 10/10
  9599 | D:8      | Reached skill level 10 in Armour
  9636 | D:8      | Identified the +3 glaive of the Scavenger {pain, rF+ rN++
                  | Will+ Str-2}
  9670 | D:8      | Killed Maggie
  9671 | D:8      | Reached skill level 13 in Axes
 10862 | D:9      | Noticed a two-headed ogre
 10864 | D:9      | Noticed an unseen horror
 10869 | D:9      | Killed an unseen horror
 10880 | D:9      | Killed a two-headed ogre
 10881 | D:9      | Reached skill level 10 in Fighting
 10881 | D:9      | Reached skill level 14 in Axes
 11177 | D:10     | Entered Level 10 of the Dungeon
 11182 | D:10     | Noticed Gastronok
 11206 | D:10     | Killed Gastronok
 11207 | D:10     | Reached XP level 11. HP: 101/101 MP: 11/11
 11625 | D:10     | Reached skill level 15 in Axes
 11990 | D:10     | Reached **** piety under Beogh
 12532 | D:11     | Found a staircase to the Lair.
 12532 | D:11     | Noticed an oklob plant
 12994 | D:11     | Noticed a boulder beetle
 13014 | D:11     | Killed a boulder beetle
 13298 | D:11     | Noticed an oklob plant
 13313 | D:11     | Killed an oklob plant
 13313 | D:11     | Gained Ugrim as an ally
 13321 | D:11     | Killed an oklob plant
 13322 | D:11     | Reached skill level 1 in Invocations
 13732 | D:12     | Reached skill level 1 in Evocations
 13838 | D:12     | Found a gate leading to a gauntlet.
 13850 | Gauntlet | Entered a Gauntlet
 13850 | Gauntlet | Found a transporter.
 13860 | Gauntlet | Found a transporter.
 13861 | Gauntlet | Noticed a fire crab
 13875 | Gauntlet | Found a transporter.
 13880 | Gauntlet | Noticed a death yak
 13881 | Gauntlet | Found a transporter.
 13884 | Gauntlet | Noticed a death yak
 13889 | Gauntlet | Noticed a death yak
 13891 | Gauntlet | Noticed a death yak
 13897 | Gauntlet | Found a transporter.
 13899 | Gauntlet | Noticed a necromancer
 13917 | Gauntlet | Found a transporter.
 13929 | Gauntlet | Found a transporter.
 13937 | Gauntlet | Found a large runed translucent door.
 13938 | Gauntlet | Found a large runed translucent door.
 13939 | Gauntlet | Found a large runed translucent door.
 13939 | Gauntlet | Found a large runed translucent door.
 13939 | Gauntlet | Found the amulet of the Air {Inacc Air Fly rElec RMsl}
 13940 | Gauntlet | Found a runed translucent gate.
 13940 | Gauntlet | Noticed a fire crab
 13941 | Gauntlet | Found a transporter.
 13941 | Gauntlet | Found a runed translucent gate.
 13942 | Gauntlet | Found a runed translucent gate.
 13943 | Gauntlet | Found a large runed translucent door.
 13943 | Gauntlet | Found a large runed translucent door.
 13944 | Gauntlet | Found a large runed translucent door.
 13945 | Gauntlet | Found a large runed translucent door.
 13952 | Gauntlet | Noticed a glowing orange brain
 13953 | Gauntlet | Found a transporter.
 13958 | Gauntlet | Noticed a brown ugly thing
 13963 | Gauntlet | Noticed a hell beast
 13965 | Gauntlet | Found a transporter.
 13982 | Gauntlet | Found a transporter.
 14000 | Gauntlet | Found a transporter.
 14002 | Gauntlet | Found a transporter.
 14024 | Gauntlet | Noticed a wizard
 14031 | Gauntlet | Found a transporter.
 14033 | Gauntlet | Found a transporter.
 14035 | Gauntlet | Found a transporter.
 14059 | Gauntlet | Found a transporter.
 14061 | Gauntlet | Found a transporter.
 14085 | Gauntlet | Found a large runed translucent door.
 14085 | Gauntlet | Noticed a seven-headed hydra
 14086 | Gauntlet | Found a large runed translucent door.
 14089 | Gauntlet | Found a large runed translucent door.
 14089 | Gauntlet | Found a large runed translucent door.
 14089 | Gauntlet | Found a runed translucent door.
 14089 | Gauntlet | Found a runed translucent door.
 14090 | Gauntlet | Found a large runed translucent door.
 14090 | Gauntlet | Found a large runed translucent door.
 14091 | Gauntlet | Found a large runed translucent door.
 14092 | Gauntlet | Found a large runed translucent door.
 14106 | Gauntlet | Paralysed by a floating eye for 3 turns
 14298 | Gauntlet | HP: 4/102 [hell hound/blast of flame (10)]
 14300 | Gauntlet | HP: 1/102 [fire crab] (3)]
 14300 | Gauntlet | Slain by a hell hound

Table legend: (Time is in decaauts)
 A = Elapsed time spent in this place.
 B = Non-inter-level travel time spent in this place.
 C = Inter-level travel time spent in this place.
 D = Time resting spent in this place.
 E = Time spent auto-exploring this place.
 F = Levels seen in this place.
 G = Mean time per level.
                   A        B        C        D        E       F      G
               +--------+--------+--------+--------+--------+-----+--------+
         Total |  14221 |  13600 |    621 |   3101 |   7706 |  14 | 1015.8 |
       Dungeon |  13374 |  12753 |    621 |   2874 |   7491 |  12 | 1114.5 |
       Ossuary |    411 |    411 |      0 |    127 |    194 |   1 |  411.0 |
      Gauntlet |    435 |    435 |      0 |    100 |     21 |   1 |  435.0 |
               +--------+--------+--------+--------+--------+-----+--------+

Top non-repeatable levels by time:
     D:8: 1690 daAuts
     D:4: 1605 daAuts
     D:6: 1414 daAuts
     D:5: 1324 daAuts
    D:11: 1278 daAuts
    D:10: 1193 daAuts
     D:2: 1165 daAuts
     D:3: 1080 daAuts
     D:7: 913 daAuts
     D:1: 816 daAuts
     D:9: 733 daAuts
Gauntlet: 435 daAuts
 Ossuary: 411 daAuts
    D:12: 157 daAuts

Table legend:
 A = Kills in this place as a percentage of kills in entire the game.
 B = Kills by you in this place as a percentage of kills by you in the entire game.
 C = Kills by friends in this place as a percentage of kills by friends in the entire game.
 D = Other kills in this place as a percentage of other kills in the entire game.
 E = Experience gained in this place as a percentage of experience gained in the entire game.
 F = Experience gained in this place divided by the number of levels of this place that you have seen.
                   A       B       C       D       E      F
               +-------+-------+-------+-------+-------+----------------------
         Total | 100.0 | 100.0 | 100.0 |   N/A | 100.0 | 1254.3
       Dungeon |  84.9 |  84.2 | 100.0 |   N/A |  89.0 | 1302.8
       Ossuary |  10.8 |  11.3 |   0.0 |   N/A |   1.2 | 219.0
      Gauntlet |   4.3 |   4.5 |   0.0 |   N/A |   9.7 | 1708.0
               +-------+-------+-------+-------+-------+----------------------

Action                   |  1- 3 |  4- 6 |  7- 9 | 10-12 || total
-------------------------+-------+-------+-------+-------++-------
Melee: Hand axe          |   124 |   232 |    69 |       ||   425
       War axe           |       |       |   177 |   313 ||   490
Throw: Throwing net      |     2 |       |       |     1 ||     3
       Dart              |       |       |     4 |     8 ||    12
Invok: Convert to Beogh  |     1 |       |       |       ||     1
Evoke: Wand              |     1 |       |     8 |     7 ||    16
  Use: Scroll            |       |     4 |     4 |     3 ||    11
       Potion            |       |     1 |       |     8 ||     9
Armor: Leather armour    |    10 |       |       |       ||    10
       Chain mail        |    84 |   167 |   175 |       ||   426
       Scale mail        |       |       |    26 |    34 ||    60
       Storm dragon scal |       |       |       |   254 ||   254
Dodge: Dodged            |    51 |   102 |   111 |   134 ||   398

Vanquished Creatures
  Gastronok (D:10)
  A boulder beetle (D:11)
  2 two-headed ogres
  A deep elf pyromancer (D:8)
  Pikel (D:8)
  Joseph (D:7)
  2 centaur zombies (D:11)
  An eye of devastation (Gauntlet)
  Maggie (D:8)
  An unseen horror (D:9)
  A troll (D:11)
  2 meliai zombies (D:11)
  2 slime creatures (D:12)
  A shadow (D:10)
  5 fire bats (Gauntlet)
  3 yaks (D:9)
  An acid dragon (D:8)
  2 floating eyes (Gauntlet)
  3 orc warriors
  A hornet zombie (D:9)
  A necrophage (D:8)
  2 ogres
  4 centaurs
  3 bullfrogs
  2 water moccasin zombies (Ossuary)
  A wyvern skeleton (D:7)
  5 killer bees
  10 wights
  3 howler monkeys
  A jelly (D:7)
  4 hounds
  A bullfrog zombie (D:6)
  A centaur skeleton (D:7)
  2 orc priests
  5 orc wizards
  A hound zombie (D:5)
  2 mummies (Ossuary)
  4 adders
  2 howler monkey skeletons
  2 shadow imps
  3 ufetubi
  2 adder zombies (Ossuary)
  3 worms
  4 dart slugs
  21 orcs
  7 endoplasms
  3 giant cockroaches
  A gnoll zombie (Ossuary)
  4 goblins
  6 hobgoblins
  7 jackals
  4 kobolds
  2 quokkas
  A ball python (D:4)
  3 bats
  3 frilled lizards (D:3)
  3 hobgoblin zombies (Ossuary)
  2 kobold zombies (Ossuary)
  8 orc zombies (Ossuary)
  2 rats
178 creatures vanquished.

Vanquished Creatures (collateral kills)
  2 oklob plants (D:11)
  A centaur zombie (D:10)
  A troll (D:8)
  A wyvern (D:10)
  A basilisk (D:8)
  A killer bee (D:11)
  An orc wizard (D:10)
  An orc (D:8)
9 creatures vanquished.

Vanquished Creatures (others)
  An orc warrior (D:8)
  An orc priest (D:4)
  2 orc wizards
  5 orcs
  14 plants
23 creatures vanquished.

Grand Total: 210 creatures vanquished
